 Dungeon Crawl Stone Soup version 0.30.1-9-gdf580d7c3d (webtiles) character file.

Game seed: 13942023062470297505

94 Ivernyr the Covered (level 4, -2/37 HPs)
             Began as a Formicid Fighter on Sept 28, 2023.
             Slain by an orc priest
             ... wielding a +0 war axe
              (8 damage)
             ... on level 3 of the Dungeon.
             The game lasted 00:03:38 (1754 turns).

Ivernyr the Covered (Formicid Fighter)              Turns: 1754, Time: 00:03:38

Health: -2/37      AC:  8    Str: 23    XL:     4   Next: 94%
Magic:  4/4        EV:  9    Int:  7    God:
Gold:   96         SH:  5    Dex: 13    Spells: 3/3 levels left

rFire   . . .        a - +0 great mace
rCold   . . .        c - +0 buckler
rNeg    . . .        b - +0 scale mail
rPois   .            (helmet unavailable)
rElec   .            (no cloak)
rCorr   .            e - +0 pair of gloves
SInv    +            (no boots)
Will    .....        (no amulet) Stlth
                     (no ring)
HPRegen 0.26/turn    (no ring)
MPRegen 0.09/turn

%: no passive effects
@: no status effects
A: permanent stasis, dig shafts and tunnels, antennae 3, four strong arms
a: Dig, Shaft Self


You were on level 3 of the Dungeon.
You visited 1 branch of the dungeon, and saw 3 of its levels.

You collected 96 gold pieces.

Inventory:

Hand Weapons
 a - a +0 great mace (weapon)
Armour
 b - a +0 scale mail (worn)
 c - a +0 buckler (worn)
 e - a +0 pair of gloves (worn)
Scrolls
 g - a scroll of identify {unknown}
 h - a scroll of enchant weapon {unknown}
Potions
 d - a potion of might
 f - a potion of curing {unknown}
 i - a potion of flight {unknown}
 j - 2 potions of heal wounds {unknown}


   Skills:
 + Level 4.2 Fighting
 + Level 3.1 Maces & Flails
 + Level 4.2 Armour
 - Level 4.0 Shields


You had 3 spell levels left.
You didn't know any spells.
Your spell library contained the following spells:

 Spells                   Type           Power      Damage    Failure   Level
 Freeze                   Ice            0%         1d3       80%         1
 Frozen Ramparts          Ice            0%         1d1       99%         3
 Hailstorm                Conj/Ice       0%         3d3       99%         3
 Ozocubu's Armour         Ice            0%         N/A       99%         3
 Metabolic Englaciation   Hex/Ice        0%         N/A       100%        5
 Simulacrum               Ice/Necr       0%         N/A       100%        6


Dungeon Overview and Level Annotations

Branches:
Dungeon (3/15)

Altars:

Annotations:
D:1 2 transporters


Innate Abilities, Weirdness & Mutations

You cannot be hasted, slowed, berserked, paralysed or teleported.
You can dig through walls and to a lower floor.
You have a pair of large antennae on your head. (SInv)
Your four strong arms can wield two-handed weapons with a shield.


Message History

The orc completely misses you. The orc hits you but does no damage.
You sock the orc!
You kill the orc!
Things that are here:
a +0 club; an orc corpse You start resting.
HP restored.
There is a stone staircase leading down here.
You climb downwards.
The worm bites you but does no damage.
There is a stone staircase leading up here.
You barely miss the worm. You block the worm's attack.
You hit the worm.
The worm is moderately wounded.
The orc priest invokes the aid of Beogh against you.
Beogh smites you! The worm bites you but does no damage.
You barely miss the worm.
The worm is moderately wounded.
The orc priest closely misses you. The orc priest barely misses you.
The worm bites you.
You closely miss the orc priest. The orc priest closely misses you.
The worm bites you.
You sock the orc priest!
The orc priest is heavily wounded.
The orc priest mumbles some strange prayers to Beogh against you.
You barely resist.
The orc priest hits you with a +0 war axe.
You closely miss the orc priest.
The orc priest is heavily wounded.
The orc priest hits you with a +0 war axe.
The worm barely misses you.
You closely miss the orc priest.
The orc priest is heavily wounded.
The orc priest hits you with a +0 war axe.
The worm bites you.
The orc priest hits you with a +0 war axe.
* * * LOW HITPOINT WARNING * * *
You barely miss the orc priest.
The orc priest is heavily wounded.
The orc priest hits you with a +0 war axe!
You die...

##............
#...>.........
#.............
#.............
#.............
#.....>.......
#.....).......
#...ow.......
##...@.#.....
#.(.### ###
...?.## .#...
...# ... .#


You could see a worm and an orc priest.

Vanquished Creatures
  2 adders (D:2)
  A worm (D:2)
  3 dart slugs (D:2)
  4 orcs
  9 bats
  5 endoplasms
  2 giant cockroaches
  5 goblins
  3 hobgoblins (D:2)
  5 jackals
  A quokka (D:2)
  7 ball pythons
  3 frilled lizards
  5 kobolds
  6 rats
61 creatures vanquished.

Notes
Turn   | Place    | Note
-------+----------+-------------------------------------------
     0 | D:1      | Ivernyr the Formicid Fighter began the quest for the Orb.
     0 | D:1      | Reached XP level 1. HP: 18/18 MP: 1/1
    69 | D:1      | Reached XP level 2. HP: 24/24 MP: 2/2
   260 | D:1      | Found a faded altar of an unknown god.
   314 | D:1      | Reached XP level 3. HP: 27/30 MP: 3/3
   951 | D:2      | Reached XP level 4. HP: 27/37 MP: 4/4
  1754 | D:3      | Slain by an orc priest

Illustrated notes

Levels and vault maps discovered:
D:1:      spicycebolla_arrival_transporter_tutorial, layout_rooms,
          chequers_ecumenical_altar_lobes
D:2:      minmay_evil_eye, layout_basic
D:3:      layout_rooms, lightli_temple_of_fire, uniq_natasha

Skill      XL: |  1  2  3  4 |
---------------+-------------+-----
Fighting       | 4 |  4.2
Armour         | 4 |  4.2
Maces & Flails | 3 |  3.1
Shields        | |  4.0

Action                     |  1- 3 |  4- 6 || total
---------------------------+-------+-------++-------
  Melee: Flail             |    77 |       ||    77
         Great mace        |    18 |    68 ||    86
 Armour: Scale mail        |    62 |    58 ||   120
  Dodge: Dodged            |    43 |    56 ||    99
  Block: Buckler           |    34 |    19 ||    53
